 Dungeon Crawl Stone Soup version 0.26.1-2-gb8aa6d0cf2 (webtiles) character file.

Game seed: 7386541359428449470

46 Gadfly the Charlatan (level 3, -7/33 HPs)
             Began as a Troll Artificer on Feb 25, 2021.
             Mangled by a gnoll
             ... wielding a +0 halberd of flaming
              (13 damage)
             ... on level 2 of the Dungeon.
             The game lasted 00:03:16 (1386 turns).

Gadfly the Charlatan (Troll Artificer)              Turns: 1386, Time: 00:03:17

Health: -7/33      AC:  6    Str: 20    XL:     3   Next: 44%
Magic:  2/2        EV: 10    Int:  7    God:
Gold:   84         SH:  0    Dex: 11    Spells: 2/2 levels left

rFire    . . .     SeeInvis .   a - +0 whip
rCold    . . .     Faith    .   (no shield)
rNeg     . . .     Spirit   .   i - +0 robe
rPois    .         Reflect  .   (helmet restricted)
rElec    .         Harm     .   (no cloak)
rCorr    .         Rampage  .   (gloves unavailable)
Will     .....                  (boots unavailable)
Stlth    +.........             (no amulet)
HPRegen  0.51/turn              (no ring)
MPRegen  0.08/turn              (no ring)

@: no status effects
A: large, unfitting armour, claws 3, regeneration 1, shaggy fur 1, tough skin 3
a: no special abilities


You were on level 2 of the Dungeon.
You visited 1 branch of the dungeon, and saw 2 of its levels.

You collected 84 gold pieces.

Inventory:

Hand Weapons
 a - a +0 whip (weapon)
 b - a +0 short sword of draining
Armour
 i - a +0 robe (worn)
Wands
 c - a wand of flame (15) (quivered)
 d - a wand of enslavement (15)
 e - a wand of random effects (15)
Scrolls
 f - a scroll of teleportation
 g - a scroll of remove curse {unknown}
Potions
 j - a potion of flight


   Skills:
 * Level 1.4 Fighting
 * Level 1.5 Maces & Flails
 * Level 1.3 Armour
 - Level 1.9 Dodging
 - Level 0.3 Stealth
 + Level 2.2 Evocations


You had 2 spell levels left.
You didn't know any spells.
Your spell library was empty.

Dungeon Overview and Level Annotations

Branches:
Dungeon (2/15)

Altars:


Innate Abilities, Weirdness & Mutations

You are too large for most types of armour.
You have claws for hands.
Your natural rate of healing is unusually fast.
You are covered in fur. (AC +1)
You have extremely tough skin. (AC +3)


Message History

You hit the gnoll.
The gnoll is heavily wounded.
The gnoll hits you from afar with a +0 halberd of flaming.
The gnoll burns you. The gnoll hits you but does no damage.
The kobold hits you but does no damage.
You whack the gnoll!
You kill the gnoll!
The gnoll hits you from afar with a +0 halberd of flaming!
The gnoll burns you.
* * * LOW HITPOINT WARNING * * *
The kobold hits you but does no damage.
You are too injured to fight recklessly!
You are too injured to fight recklessly!
You are too injured to fight recklessly!
You are too injured to fight recklessly!
Unknown command.
The kobold hits you with a +0 dagger.
* * * LOW HITPOINT WARNING * * *
The gnoll hits you from afar with a +0 halberd of flaming!
You die...

#...........
#...........
#..........
#.......g.
#.......# #.......#
#.......####
####.........
######@##.#.##....
......K.)gg........
.....##...........
#.## ####.#.##....
#.#.# .... ..#.#
... #.#.# ## ...
#.#


You could see 2 gnolls and a kobold.

Vanquished Creatures
  A gnoll (D:2)
  A leopard gecko (D:1)
  7 bats (D:1)
  2 giant cockroaches (D:1)
  4 goblins (D:1)
  3 hobgoblins (D:1)
  4 jackals (D:1)
  2 frilled lizards (D:1)
  8 kobolds (D:1)
  2 rats
34 creatures vanquished.

Vanquished Creatures (others)
  5 plants (D:1)
5 creatures vanquished.

Grand Total: 39 creatures vanquished

Notes
Turn   | Place    | Note
-------+----------+-------------------------------------------
     0 | D:1      | Gadfly the Troll Artificer began the quest for the Orb.
     0 | D:1      | Reached XP level 1. HP: 18/18 MP: 0/0
   538 | D:1      | Reached skill level 1 in Fighting
   581 | D:1      | Reached XP level 2. HP: 27/27 MP: 1/1
   686 | D:1      | Reached skill level 1 in Maces & Flails
   741 | D:1      | Reached skill level 1 in Armour
   931 | D:1      | Reached XP level 3. HP: 32/33 MP: 2/2
  1386 | D:2      | Mangled by a gnoll

Illustrated notes

Levels and vault maps discovered:
D:1:      lightli_arrival_quake, layout_loops_corners, serial_forest,
          infiniplex_forest_straight_3, infiniplex_forest_lined_2,
          infiniplex_forest_lined_2, infiniplex_forest_lined_3,
          infiniplex_forest_clump_tiny, infiniplex_forest_clump_C,
          infiniplex_forest_clump_cross, minmay_tetromino_l2
D:2:      layout_basic, grunt_dithmenos_smoke_and_mirrors, trog_hazing_becter,
          uniq_natasha

Skill      XL: |  1  2 |
---------------+-------+-----
Fighting       | 1 |  1.4
Maces & Flails | 1 |  1.5
Armour         | 1 |  1.3
Dodging        | |  1.9
Stealth        | |  0.3
Evocations     | |  2.2

Action                   || total
-------------------------++-------
Melee: Whip              ||   154
       Club              ||    27
  Use: Scroll            ||     4
Armor: Robe              ||   115
Dodge: Dodged            ||   123
